 Dungeon Crawl Stone Soup version 0.24-a0-290-gbb66a67 (webtiles) character file.

Game seed: 3445767550930328838

44 Mgcat the Skirmisher (level 3, -2/29 HPs)
             Began as a Mummy Monk on May 8, 2019.
             Slain by a centaur skeleton (8 damage)
             ... on level 2 of the Dungeon.
             The game lasted 00:04:55 (3177 turns).

Mgcat the Skirmisher (Mummy Monk)                   Turns: 3177, Time: 00:04:55

Health: -2/29      AC:  0    Str: 14    XL:     3   Next: 39%
Magic:  3/3        EV: 13    Int:  9    God:
Gold:   66         SH:  0    Dex: 15    Spells: 2/2 levels left

rFire    x . .     SeeInvis .     - Unarmed
rCold    + . .     Gourm    .   (no shield)
rNeg     + + +     Faith    .   (no armour)
rPois    ∞         Spirit   .   (no helmet)
rElec    .         Reflect  .   (no cloak)
rCorr    .         Harm     .   (no gloves)
MR       .....                  (no boots)
Stlth    ++........             (no amulet)
HPRegen  0.09/turn              (no ring)
MPRegen  0.08/turn              (no ring)

@: no status effects
A: no food or potions, fire vulnerability, cold resistance 1, negative energy
resistance 3, torment resistance, unbreathing
a: no special abilities


You were on level 2 of the Dungeon.
You were not hungry.

You visited 1 branch of the dungeon, and saw 2 of its levels.

You collected 66 gold pieces.

Inventory:

Jewellery
 c - an uncursed ring of ice {rC+, rF-}
   (You found it on level 1 of the Dungeon)
Scrolls
 a - 3 scrolls of teleportation
 b - a scroll of immolation {unknown}
 d - a scroll of identify {unknown}
 e - a scroll of random uselessness {unknown}


   Skills:
 + Level 3.4 Fighting
 - Level 2.5 Dodging
 + Level 2.2 Stealth
 + Level 2.8 Unarmed Combat


You had 2 spell levels left.
You didn't know any spells.
Your spell library was empty.

Dungeon Overview and Level Annotations

Branches:
Dungeon (2/15)

Altars:
Sif Muna


Innate Abilities, Weirdness & Mutations

You do not eat or drink.
Your flesh is vulnerable to fire.
You are immune to poison.
Your flesh is cold resistant. (rC+)
You are immune to negative energy. (rN+++)
You are immune to unholy pain and torment.
You can survive without breathing.


Message History

The worm is severely wounded.
The worm closely misses you.
You punch the worm!
You kill the worm!
You start resting.
HP restored.
Health restored: 29
There is a stone staircase leading down here.
A worm comes into view.
Spoiler Alert: The worm (wandering) can hit for moderate damage in melee!
The worm bites you.
You take 6 damage, and have 23/29 hp.
MASSIVE DAMAGE!!
Spoiler Alert: The worm can hit for moderate damage in melee!
You start resting.
The worm is too close now for your liking.
You start resting.
HP restored.
Health restored: 29 You start waiting.
Done waiting.
There is a stone staircase leading down here.
A kobold comes into view. It is wielding a +0 dagger.
The kobold shouts!
A kobold comes into view. It is wielding a +0 dagger.
You hit the kobold.
The kobold is severely wounded.
The kobold hits you with a +0 dagger.
You take 2 damage, and have 27/29 hp.
You hit the kobold but do no damage.
The kobold is severely wounded.
The kobold barely misses you.
You hit the kobold.
You kill the kobold!
The kobold throws a stone.
The stone barely misses you.
You see here a +0 dagger.
You barely miss the kobold. The kobold misses you.
You hit the kobold.
The kobold is severely wounded.
The kobold barely misses you.
You barely miss the kobold.
The kobold is severely wounded.
The kobold closely misses you.
You miss the kobold.
The kobold is severely wounded.
The kobold barely misses you.
You hit the kobold.
You kill the kobold!
No target in view!
No target in view!
No target in view!
HP restored.
You see here a +0 dagger.
A centaur skeleton comes into view.
A centaur skeleton is nearby!
A centaur skeleton is nearby!
Health restored: 29 Unknown command.
Unknown command.
The centaur skeleton is too close now for your liking.
You see here a +0 dagger.
You see here a +0 dagger.
You hit the centaur skeleton.
The centaur skeleton is lightly damaged.
The centaur skeleton misses you.
You hit the centaur skeleton but do no damage.
The centaur skeleton is lightly damaged.
The centaur skeleton hits you.
You take 5 damage, and have 24/29 hp.
You hit the centaur skeleton.
The centaur skeleton is moderately damaged.
The centaur skeleton hits you. x2
You take 3 damage, and have 21/29 hp.
You are too injured to fight recklessly!
You are too injured to fight recklessly!
You are too injured to fight recklessly!
You hit the centaur skeleton.
The centaur skeleton is heavily damaged.
The centaur skeleton hits you!
You take 8 damage, and have 13/29 hp.
MASSIVE DAMAGE!!
You hit the centaur skeleton.
The centaur skeleton is heavily damaged.
The centaur skeleton misses you.
You hit the centaur skeleton.
The centaur skeleton is severely damaged.
The centaur skeleton closely misses you.
You hit the centaur skeleton.
The centaur skeleton is almost destroyed.
The centaur skeleton hits you. The centaur skeleton hits you!
* * * LOW HITPOINT WARNING * * *
You take 8 damage, and have 5/29 hp.
MASSIVE DAMAGE!!
You hit the centaur skeleton but do no damage.
The centaur skeleton is almost destroyed.
The centaur skeleton barely misses you.
You hit the centaur skeleton but do no damage.
The centaur skeleton is almost destroyed.
The centaur skeleton barely misses you.
You hit the centaur skeleton.
The centaur skeleton is almost destroyed.
The centaur skeleton hits you!
You die...

#...............#
#..###
####.###.########
#..## #.# #.#
#############...##
############
#.................
...........#
#.#########.###.##
#...#...#..# #(#
#.# #.#
.........._# #.#
#.# #.##
#...#...#..# #.#
#.# #...
...........# #@#
#.# ####
############ #Z#
#.# #)# #.######
.#######)#
#.......
....[....###
######
#######..#..
#..#.# #..#.#
#######..#.#


You could see a centaur skeleton.

Vanquished Creatures
  An ooze (D:1)
  A worm (D:2)
  8 goblins
  5 hobgoblins
  3 jackals
  6 kobolds
  3 bats (D:1)
  2 frilled lizards
  4 rats
33 creatures vanquished.

Notes
Turn   | Place    | Note
-------+----------+-------------------------------------------
     0 | D:1      | Mgcat the Mummy Monk began the quest for the Orb.
     0 | D:1      | Reached XP level 1. HP: 18/18 MP: 1/1
   486 | D:1      | Reached XP level 2. HP: 24/24 MP: 2/2
  1118 | D:1      | Reached skill level 2 in Stealth
  2122 | D:1      | Reached XP level 3. HP: 14/29 MP: 3/3
  2565 | D:2      | Found a deep blue altar of Sif Muna.
  3174 | D:2      | HP: 5/29 [centaur skeleton (7)]
  3177 | D:2      | Slain by a centaur skeleton

Levels and vault maps discovered:
D:1:      psy_arrival_whirlpool, layout_basic
D:2:      layout_loops_ring, lemuel_coloured_pillars_altar, marbit_many_paths,
          old_standard_altar

Skill      XL: |  1  2 |
---------------+-------+-----
Stealth        | 2 |  2.2
Fighting       | |  3.4
Dodging        | |  2.5
Unarmed Combat | |  2.8

Action                   || total
-------------------------++-------
Melee: Unarmed           ||   154
  Use: Scroll            ||     1
 Stab: Sleeping          ||     4
Dodge: Dodged            ||    92

Table legend:
 A = Non-vault XP
 B = Vault XP
 C = Vault XP percentage of total XP
 D = Non-vault monster count
 E = Vault monster count
 F = Vault count percentage of total count
                 A         B        C        D         E       F
            +---------+---------+-------+---------+---------+-------
      Total |      63 |       0 |   0.0 |      33 |       0 |   0.0
            +---------+---------+-------+---------+---------+-------
        D:1 |      37 |       0 |   0.0 |      19 |       0 |   0.0
        D:2 |      26 |       0 |   0.0 |      14 |       0 |   0.0
            +---------+---------+-------+---------+---------+-------

Levels and vault maps discovered:
D:1:      psy_arrival_whirlpool, layout_basic
D:2:      layout_loops_ring, lemuel_coloured_pillars_altar, marbit_many_paths,
          old_standard_altar

Table legend:
 A = Turns spent in this place as a percentage of turns spent in the entire game.
 B = Non-inter-level travel turns spent in this place as a percentage of non-inter-level travel turns spent in the entire game.
 C = Inter-level travel turns spent in this place as a percentage of turns spent in this place.
 D = Turns resting spent in this place as a percentage of non-inter-level travel turns spent in this place.
 E = Turns spent auto-exploring this place as a percentage of non-inter-level travel turns spent in this place.
 F = Non-inter-level travel turns spent in this place divided by the number of levels of this place that you've seen.
                   A       B       C       D       E      F
               +-------+-------+-------+-------+-------+----------------------
         Total | 100.0 | 100.0 |   0.2 |  45.8 |  39.6 | 1585.5
       Dungeon | 100.0 | 100.0 |   0.2 |  45.8 |  39.6 | 1585.5
               +-------+-------+-------+-------+-------+----------------------

Table legend:
 A = Kills in this place as a percentage of kills in entire the game.
 B = Kills by you in this place as a percentage of kills by you in the entire game.
 C = Kills by friends in this place as a percentage of kills by friends in the entire game.
 D = Other kills in this place as a percentage of other kills in the entire game.
 E = Experience gained in this place as a percentage of experience gained in the entire game.
 F = Experience gained in this place divided by the number of levels of this place that you have seen.
                   A       B       C       D       E      F
               +-------+-------+-------+-------+-------+----------------------
         Total | 100.0 | 100.0 |   N/A |   N/A | 100.0 |  31.5
       Dungeon | 100.0 | 100.0 |   N/A |   N/A | 100.0 |  31.5
               +-------+-------+-------+-------+-------+----------------------
